 Dungeon Crawl Stone Soup version 0.31.0-12-g77e489cdc1 (webtiles) character file.

Game seed: 14090774834627679544

270812 Minsecho the Warrior (level 20, -8/198 (215) HPs)
             Began as an Oni Gladiator on Feb 12, 2024.
             Was the Champion of Nemelex Xobeh.
             Mangled by a stone giant (10 damage)
             ... on level 2 of the Depths on Feb 13, 2024.
             The game lasted 02:20:14 (45828 turns).

Minsecho the Warrior (Oni Gladiator)               Turns: 45828, Time: 02:20:16

HP:   -8/198 (215)  AC: 16    Str: 20    XL:     20   Next: 22%
MP:   28/34         EV: 17    Int: 12    God:    Nemelex Xobeh [******]
Gold: 2740          SH: 24    Dex: 26    Spells: 17/39 levels left

rFire   . . .        U - +10 hand axe of Fiytsyloe {freeze, rC+ Str-3 Dex+3 Stlth+}
rCold   + + .        e - +5 kite shield {reflect}
rNeg    . . .        X - +0 swamp dragon scales
rPois   +            R - +2 hat
rElec   .            k - +2 cloak
rCorr   .            (gloves unavailable)
SInv    .            (boots unavailable)
Will    ++...        K - amulet of reflection
Stlth   ++           H - +6 ring of dexterity
HPRegen 0.53/turn    x - ring of protection from cold
MPRegen 0.24/turn

%: reflection
@: studying Unarmed Combat, drained
A: large, unfitting armour, horns 1, tough skin 1, double potion healing,
drunken brawling, agile 1, clever 1, MP-powered wands, noise suppression
}: 2/15 runes: decaying, gossamer
a: Renounce Religion, Draw Escape, Draw Destruction, Draw Summoning, Draw Stack,
Triple Draw, Deal Four, Stack Five


You were on level 2 of the Depths.
You worshipped Nemelex Xobeh.
Nemelex Xobeh was exalted by your worship.
You visited 6 branches of the dungeon, and saw 32 of its levels.

You collected 3740 gold pieces.
You spent 1000 gold pieces at shops.

Inventory:

Hand Weapons
 u - the +5 morningstar of the World {heavy, Dex+3}
   (You found it on level 4 of the Swamp)

   Dex+3:     It affects your dexterity (+3).
 D - a +4 battleaxe of holy wrath
 U - the +10 hand axe of Fiytsyloe (weapon) {freeze, rC+ Str-3 Dex+3 Stlth+}
   (You found it on level 1 of the Spider Nest)

   Str-3:     It affects your strength (-3).
   Dex+3:     It affects your dexterity (+3).
   rC+:       It protects you from cold.
   Stlth+:    It makes you more stealthy.
Missiles
 v - 44 large rocks (quivered)
 L - 4 silver javelins
 N - 7 curare-tipped darts
 V - 12 atropa-tipped darts
Armour
 e - a +5 kite shield of reflection (worn)
 k - a +2 cloak (worn)
 R - a +2 hat (worn)
 X - +0 swamp dragon scales (worn)
Jewellery
 n - a ring of see invisible
 x - a ring of protection from cold (right hand)
 z - a ring of fire
 F - a ring of positive energy
 H - a +6 ring of dexterity (left hand)
 I - a ring of protection from fire
 K - an amulet of reflection (around neck)
 M - a ring of resist corrosion
 P - a +5 ring of evasion
 S - a ring of positive energy
Wands
 c - a wand of polymorph (18)
 t - a wand of flame (14)
 w - a wand of iceblast (33)
 y - a wand of mindburst (47)
 B - a wand of acid (12)
 O - a wand of digging (29)
 Y - a wand of charming (28)
Scrolls
 b - 3 scrolls of immolation
 d - a scroll of blinking
 f - a scroll of revelation
 j - 2 scrolls of fear
 p - 11 scrolls of poison
 q - 6 scrolls of fog
 r - 3 scrolls of vulnerability
 G - 10 scrolls of teleportation
 J - a scroll of silence
Potions
 a - 2 potions of magic
 g - 3 potions of curing
 h - 5 potions of mutation
 i - 2 potions of brilliance
 l - 5 potions of haste
 m - 2 potions of resistance
 o - 2 potions of berserk rage
 s - 2 potions of enlightenment
 A - a potion of heal wounds
 C - 2 potions of cancellation
 E - 3 potions of lignification
 Q - 4 potions of attraction
 T - a potion of invisibility
 W - 2 potions of might
 Z - 2 potions of ambrosia


   Skills:
 * Level 16.3 Fighting
 + Level 7.1(12.1) Axes
 + Level 15.0(15.6) Maces & Flails
 - Level 0.6(4.4) Polearms
 * Level 12.3 Throwing
 * Level 10.0 Armour
 * Level 12.1 Dodging
 * Level 10.5 Shields
 + Level 8.1 Unarmed Combat
 + Level 10.0 Spellcasting
 + Level 2.5 Hexes
 + Level 5.1 Summonings
 + Level 2.8 Translocations
 + Level 4.9 Ice Magic
 * Level 13.1 Invocations
 + Level 1.4 Evocations


You had 17 spell levels left.
You knew the following spells:

 Your Spells              Type           Power      Damage    Failure   Level
a - Freeze                Ice            68%        1d8       4%          1
b - Blink                 Tloc           24%        N/A       16%         2
c - Slow                  Hex            48%        N/A       12%         1
d - Summon Ice Beast      Ice/Summ       18%        N/A       13%         3
e - Ozocubu's Armour      Ice            17%        N/A       13%         3
f - Frozen Ramparts       Ice            34%        1d6       13%         3
g - Ensorcelled Hibernat  Hex/Ice        30%        N/A       11%         2
h - Hailstorm             Conj/Ice       12%        3d6       34%         3
i - Sticky Flame          Fire/Alch      6%         2d4       97%         4

Your spell library contained the following spells:

 Spells                   Type           Power      Damage    Failure   Level
 Call Imp                 Summ           36%        N/A       6%          2
 Apportation              Tloc           24%        N/A       11%         1
 Lesser Beckoning         Tloc           24%        N/A       16%         2
 Jinxbite                 Hex            24%        N/A       19%         2
 Gell's Gravitas          Tloc           12%        N/A       30%         3
 Teleport Other           Tloc           12%        N/A       30%         3
 Foxfire                  Conj/Fire      24%        2x1d5     32%         1
 Magic Dart               Conj           24%        1d4       32%         1
 Confusing Touch          Hex            12%        N/A       34%         3
 Sigil of Binding         Hex            12%        N/A       34%         3
 Cigotuvi's Dreadful Rot  Necr/Alch/Air  12%        N/A       45%         2
 Volatile Blastmotes      Fire/Tloc      18%        2d11      50%         3
 Fugue of the Fallen      Necr           6%         N/A       69%         3
 Stone Arrow              Conj/Erth      12%        3d7       69%         3
 Vampiric Draining        Necr           6%         2d6       69%         3
 Summon Forest            Summ/Tloc      7%         N/A       87%         5
 Iskenderun's Mystic Bla  Conj/Tloc      9%         2d4       88%         4
 Vhi's Electric Charge    Tloc/Air       18%        N/A       88%         4
 Summon Mana Viper        Hex/Summ       15%        N/A       88%         5
 Anguish                  Hex/Necr       4%         N/A       89%         4
 Metabolic Englaciation   Hex/Ice        7%         N/A       89%         5
 Brom's Barrelling Bould  Conj/Erth      6%         2d3       97%         4
 Fulminant Prism          Conj/Alch      3%         3d5       97%         4
 Ignite Poison            Fire/Alch      6%         N/A       97%         4
 Freezing Cloud           Conj/Ice/Air   5%         6-21      99%         5
 Yara's Violent Unravell  Hex/Alch       4%         3d4       99%         5
 Alistair's Intoxication  Alch           4%         N/A       100%        5
 Arcjolt                  Conj/Air       3%         1d13      100%        5
 Fireball                 Conj/Fire      3%         3d4       100%        5
 Iskenderun's Battlesphe  Conj           6%         2d6       100%        5
 Conjure Ball Lightning   Conj/Air       3%         3x3d6     100%        6
 Eringya's Noxious Bog    Alch           3%         4d6       100%        6
 Plasma Beam              Fire/Air       3%         2x1d13    100%        6
 Sculpt Simulacrum        Ice/Alch       5%         N/A       100%        6
 Starburst                Conj/Fire      3%         6d3       100%        6
 Monstrous Menagerie      Summ           9%         N/A       100%        7
 Orb of Destruction       Conj           3%         9d5       100%        7
 Summon Hydra             Summ           9%         N/A       100%        7
 Lehudib's Crystal Spear  Conj/Erth      3%         10d2      100%        8
 Maxwell's Capacitive Co  Air            3%         ∞         100%        8
 Chain Lightning          Conj/Air       3%         3d4       100%        9
 Fire Storm               Conj/Fire      3%         8d1       100%        9
 Shatter                  Erth           3%         3d7*      100%        9


Dungeon Overview and Level Annotations

Branches:
Dungeon (15/15)            Temple (0/1) D:7            Lair (5/5) D:9
  Swamp (4/4) Lair:2       Spider (4/4) Lair:2        Slime (0/5) Lair:5
    Orc (2/2) D:10            Elf (0/3) Orc:2        Vaults (0/5) D:14
 Depths (2/4) D:15

Altars:
Ashenzari
Dithmenos
Hepliaklqana
Makhleb
Nemelex Xobeh
Trog
Vehumet
Wu Jian
Zin
Jiyva

Shops:
D:4 =   Orc:2 *[:   Depths:1 (

Portals:
Hell: Depths:1
Pandemonium: Depths:1

Annotations:
Spider:4 3 runed translucent doors, Aviun's ghost, adept SpEn
Depths:1 3 transporters


Innate Abilities, Weirdness & Mutations

You are too large for most types of armour.
You have a pair of small horns on your head.
You have tough skin. (AC +1)
You gain doubled healing and magic from potions.
Whenever you drink a healing potion, you attack all around you.
You are agile. (Dex +4, Str/Int -1)
Your mind is acute. (Int +4, Str/Dex -1)
You expend magic power (3 MP) to strengthen your wands.
You passively dampen the noise of your surroundings.


Message History

Throw: 45 large rocks
Press: ? - help, Q - select action, (/) - cycle Shift-Dir - straight line, f/p - stone giant
Aim: a stone giant, quivering large rocks (lightly wounded, 92% to hit)
You throw a large rock. The large rock hits the stone giant!!
The stone giant is heavily wounded.
Unknown command.
You are too injured to fight recklessly!
You hit the stone giant. You freeze the stone giant.
The stone giant is heavily wounded.
You block the stone giant's attack.
You hit the stone giant. You freeze the stone giant.
You headbutt the stone giant.
The stone giant is heavily wounded.
You block the stone giant's attack.
You slash the stone giant! You freeze the stone giant.
The stone giant is severely wounded.
The stone giant hits you!!!
* * * LOW HITPOINT WARNING * * *
Okay, then.
Unknown command.
Casting: Ensorcelled Hibernation (safe; 11% risk of failure)
Confirm with . or Enter, or press ? or * to list all spells.
Aiming: Ensorcelled Hibernation (safe; 11% risk of failure)
Press: ? - help, Shift-Dir - straight line, f/p - stone giant
Aim: a stone giant, quivering large rocks (severely wounded, chance to affect: 7%)
Okay, then.
Unknown command.
Aiming: Corrosive Bolt
Press: ? - help, Shift-Dir - straight line, f/p - stone giant
Aim: a stone giant, quivering large rocks (severely wounded, 100% to hit)
Okay, then.
Unknown command.
Aiming: Corrosive Bolt
Press: ? - help, Shift-Dir - straight line, f/p - stone giant
Aim: a stone giant, quivering large rocks (severely wounded, 100% to hit)
You feel a surge of power!
The bolt of acid hits the stone giant.
The stone giant is severely wounded.
The stone giant hits you!
You die...
Your body glows with a rainbow of weird colours and disappears.

.. . .... .####...) ##
......... ##.# #........
#######...###.C......
#..<##....@##.....###
#...#.....[C((..[....
#####...##.....##........
#........##...###..######
#.........##>##....#
#..........###.....##.
#..................P...
#############...........
........PP.##


You could see a stone giant.

Vanquished Creatures
  Sojobo (Depths:1)
  Nikola (Spider:1)
  Norris (Depths:1)
  Rupert (Lair:4)
  Frances (Spider:1)
  4 thorn hunters
  3 tengu reavers
  Roxanne (Spider:1)
  Donald (Swamp:4)
  2 frost giants
  3 emperor scorpions
  8 ghost moths
  2 ghouls (Swamp:2)
  2 broodmothers
  4 stone giants (Depths:1)
  5 eleionomae
  A lorocyproca (Depths:1)
  6 bunyips
  2 spark wasps (Spider:4)
  Snorg (Lair:3)
  2 fire dragons
  4 entropy weavers
  A shambling mangrove (Swamp:4)
  2 ettins
  A rakshasa (Depths:1)
  Erolcha (D:9)
  19 hydras
  2 jorogumos
  10 alligators
  A radroach (Spider:3)
  A ghost crab (Swamp:4)
  5 two-headed ogres
  7 centaur warriors
  3 tengu warriors
  A death scarab (Spider:4)
  7 dancing weapons (Spider:3)
  7 boulder beetles
  2 deep troll shamans (Depths:2)
  3 death yaks (Lair:5)
  10 demonic crawlers
  Urug (D:10)
  4 orc high priests (Orc:2)
  A titan zombie (Depths:1)
  An occultist (D:14)
  A hell knight (D:14)
  A soul eater (Depths:1)
  5 skysharks
  A fire crab (D:14)
  A skeletal warrior (D:14)
  2 goliath frogs
  3 pharaoh ants
  A sixfirhy (Depths:1)
  3 spriggan druids
  A glowing orange brain (D:14)
  3 deep trolls (Depths:2)
  9 swamp dragons
  8 orb spiders
  A sun moth (Spider:4)
  2 necromancers
  An arcanist (D:13)
  10 bog bodies
  7 orc knights
  9 lindwurms
  A harpy (Lair:5)
  4 deep elf pyromancers (D:14)
  7 steelbarb worms
  20 wolf spiders
  5 ugly things
  7 spectral spriggans (Swamp:2)
  An orc sorcerer (Orc:1)
  A tengu skeleton (Depths:1)
  3 manticores
  4 will-o-the-wisps
  A faun (Lair:5)
  2 guardian serpents
  11 cyclopes
  A kobold blastminer (Orc:1)
  Joseph (D:10)
  5 meliai
  3 moths of wrath
  10 black mambas
  4 elephants (Lair:3)
  A black mamba (shapeshifter) (D:14)
  9 torpor snails
  2 gargoyles
  A spriggan zombie (Depths:1)
  10 cane toads
  A cane toad (shapeshifter) (D:14)
  5 kobold demonologists
  A hellion (Depths:1)
  A yaktaur (D:14)
  3 freezing wraiths
  3 efreet
  4 rime drakes
  A tengu conjurer (D:14)
  5 komodo dragons
  11 trolls
  2 bloated husks
  5 polar bears
  39 tarantellas
  12 tyrant leeches
  10 hornets
  2 dream sheep (Lair:1)
  6 blink frogs
  A centaur simulacrum (D:14)
  13 slime creatures
  23 jumping spiders
  2 water elementals (Depths:1)
  6 basilisks
  3 spriggans
  A wraith (D:7)
  A shadow (D:11)
  A yak (shapeshifter) (D:13)
  14 culicivoras
  32 yaks
  A wyvern (shapeshifter) (D:15)
  14 wyverns
  9 wargs
  A golden eye (D:14)
  17 humans
  10 vampire mosquitoes
  66 redbacks
  18 swamp worms
  A swamp worm (shapeshifter) (Depths:2)
  An acid dragon (D:8)
  15 two-headed ogre zombies (Orc:1)
  17 water moccasins
  A meliai simulacrum (D:14)
  9 swamp drakes
  29 orc warriors
  2 black bears
  7 ogres
  2 sky beasts
  2 laughing skulls (D:13)
  A spriggan simulacrum (Depths:1)
  A tengu (D:10)
  7 centaurs
  7 wolves
  The ghost of Aneyh the Poker, an amateur TeMo (D:4)
  8 kobold brigands
  15 bullfrogs
  2 gnoll sergeants
  A scorpion (D:5)
  3 wights
  9 killer bees
  6 howler monkeys
  2 bombardier beetles
  2 gnoll boudas (D:8)
  5 hounds
  18 orc priests
  An iguana (shapeshifter) (D:14)
  An iguana (D:4)
  10 orc wizards
  4 hell rats (Lair:3)
  An ogre zombie (Orc:1)
  Robin (D:2)
  43 gnolls
  9 adders
  3 shadow imps
  2 white imps
  4 ufetubi
  3 dart slugs (D:1)
  A ribbon worm (D:4)
  64 orcs
  4 bats
  9 endoplasms
  7 giant cockroaches
  17 goblins
  12 hobgoblins
  12 jackals
  30 kobolds
  5 quokkas
  8 ball pythons
  2 frilled lizards
  6 rats
1106 creatures vanquished.

Vanquished Creatures (collateral kills)
  3 very ugly things (Depths:1)
  A ghoul (Swamp:2)
  A stone giant (Depths:1)
  2 hydras (Lair:2)
  A deep troll (D:15)
  An elephant (Lair:3)
  A cane toad (Lair:1)
  3 blink frogs (Lair:3)
  2 dream sheep (Lair:1)
  5 yaks (Lair:2)
  7 redbacks (D:15)
  An orc warrior (Orc:2)
  A wolf (Lair:5)
  An orc (Orc:2)
30 creatures vanquished.

Vanquished Creatures (others)
  A ghoul (D:1)
  A deep elf pyromancer (D:14)
  An octopode (D:1)
  A gargoyle (D:1)
  4 bloated husks
  A merfolk (D:1)
  A culicivora (Spider:4)
  A vampire (D:1)
  A spriggan (D:1)
  2 demigods (D:1)
  An oni (D:1)
  A tengu (D:1)
  A hell rat (D:14)
  A mummy (D:1)
  An orc (D:4)
  A kobold (D:1)
  18 foxfires
  4 tentacles (D:1)
42 creatures vanquished.

Grand Total: 1178 creatures vanquished

Notes
Turn   | Place    | Note
-------+----------+-------------------------------------------
     0 | D:1      | Minsecho the Oni Gladiator began the quest for the Orb.
     0 | D:1      | Reached XP level 1. HP: 22/22 MP: 1/1
     0 | D:1      | Noticed an oni
     0 | D:1      | Noticed a ghoul
     0 | D:1      | Noticed a demigod
     0 | D:1      | Noticed an octopode
     0 | D:1      | Noticed a vampire
     0 | D:1      | Noticed a merfolk
     0 | D:1      | Noticed a kraken
     0 | D:1      | Noticed a tengu
     0 | D:1      | Noticed a spriggan
     0 | D:1      | Noticed a demigod
     0 | D:1      | Noticed a gargoyle
     4 | D:1      | Killed a tengu
     8 | D:1      | Killed a ghoul
    11 | D:1      | Killed a vampire
    11 | D:1      | Killed an oni
    12 | D:1      | Killed a gargoyle
    12 | D:1      | Killed an octopode
    12 | D:1      | Killed a spriggan
    14 | D:1      | Killed a merfolk
    14 | D:1      | Killed a demigod
    15 | D:1      | Killed a demigod
   157 | D:1      | Reached XP level 2. HP: 29/29 MP: 2/2
   276 | D:1      | Reached skill level 3 in Fighting
   350 | D:1      | Reached XP level 3. HP: 37/37 MP: 3/3
   992 | D:1      | Reached XP level 4. HP: 37/45 MP: 4/4
  1491 | D:2      | Reached XP level 5. HP: 46/53 MP: 5/5
  1524 | D:2      | Noticed Robin
  1733 | D:2      | Killed Robin
  2132 | D:2      | Reached skill level 4 in Fighting
  2602 | D:3      | Reached skill level 5 in Maces & Flails
  3155 | D:4      | Reached XP level 6. HP: 44/62 MP: 6/6
  3842 | D:4      | Identified the +7 spear of the Lost Dances {chaos, rCorr
                  | Str+3}
  3910 | D:4      | Found Lasem's Jewellery Emporium.
  3991 | D:4      | Found a shadowy altar of Dithmenos.
  4072 | D:4      | Reached XP level 7. HP: 71/71 MP: 7/7
  4306 | D:4      | Found a transporter.
  4449 | D:4      | Found a transporter.
  4502 | D:4      | Noticed Aneyh's ghost (amateur TeMo)
  4697 | D:4      | Killed Aneyh's ghost
  4698 | D:4      | Reached skill level 5 in Fighting
  4823 | D:5      | Entered Level 5 of the Dungeon
  5170 | D:5      | Reached skill level 5 in Dodging
  5170 | D:5      | Reached XP level 8. HP: 80/80 MP: 8/8
  5224 | D:5      | Found a sparkling altar of Nemelex Xobeh.
  5280 | D:5      | Found an ornate altar of the Wu Jian Council.
  5317 | D:5      | Became a worshipper of Nemelex Xobeh the Trickster
  5835 | D:5      | Noticed a wyvern
  5848 | D:5      | Killed a wyvern
  5849 | D:5      | Reached skill level 6 in Fighting
  6247 | D:5      | Learned a level 1 spell: Freeze
  6250 | D:5      | Learned a level 2 spell: Blink
  6388 | D:6      | Found a hazy altar of Hepliaklqana.
  6443 | D:6      | Found a broken altar of Ashenzari.
  6443 | D:6      | Found a radiant altar of Vehumet.
  6611 | D:6      | Reached skill level 1 in Spellcasting
  6669 | D:6      | Reached skill level 1 in Translocations
  6870 | D:6      | Reached * piety under Nemelex Xobeh
  7307 | D:7      | Reached XP level 9. HP: 69/86 MP: 11/11
  7691 | D:7      | Found a staircase to the Ecumenical Temple.
  7691 | D:7      | You fall into a shaft and drop 1 floor!
  7729 | D:8      | Received a gift from Nemelex Xobeh
  7920 | D:8      | Noticed a two-headed ogre
  7929 | D:8      | Killed a two-headed ogre
  7930 | D:8      | Reached skill level 7 in Fighting
  7930 | D:8      | Reached skill level 1 in Evocations
  8595 | D:8      | Reached XP level 10. HP: 73/102 MP: 15/15
  8602 | D:8      | Reached skill level 5 in Throwing
  8722 | D:8      | Reached skill level 1 in Armour
  9095 | D:9      | Found a staircase to the Lair.
  9109 | D:9      | Learned a level 2 spell: Call Imp
  9172 | D:9      | Found a bloodstained altar of Trog.
  9415 | D:9      | Reached ** piety under Nemelex Xobeh
  9535 | D:9      | Received a gift from Nemelex Xobeh
  9560 | D:9      | Found a burning altar of Makhleb.
  9560 | D:9      | Noticed a centaur warrior
  9577 | D:9      | Killed a centaur warrior
  9578 | D:9      | Reached skill level 1 in Summonings
  9578 | D:9      | Reached skill level 1 in Invocations
  9786 | D:9      | Noticed Erolcha
  9799 | D:9      | Killed Erolcha
  9800 | D:9      | Reached skill level 1 in Shields
 10026 | D:9      | Reached skill level 8 in Fighting
 10431 | D:10     | Entered Level 10 of the Dungeon
 10469 | D:10     | Reached XP level 11. HP: 111/111 MP: 18/18
 10481 | D:10     | Noticed Urug
 10518 | D:10     | Killed Urug
 10519 | D:10     | Reached skill level 10 in Maces & Flails
 10682 | D:10     | Noticed a cyclops
 10708 | D:10     | Killed a cyclops
 10709 | D:10     | Reached skill level 5 in Spellcasting
 10836 | D:10     | Noticed Joseph
 10860 | D:10     | Killed Joseph
 10899 | D:10     | Received a gift from Nemelex Xobeh
 10953 | D:10     | Found a glowing silver altar of Zin.
 10971 | D:10     | Found a staircase to the Orcish Mines.
 11424 | D:11     | Noticed a two-headed ogre
 11447 | D:11     | Killed a two-headed ogre
 11616 | D:11     | Noticed a boulder beetle
 11640 | D:11     | Killed a boulder beetle
 11653 | D:11     | Noticed a cyclops
 11657 | D:11     | Killed a cyclops
 11690 | D:11     | Reached skill level 9 in Fighting
 11859 | D:11     | Reached XP level 12. HP: 95/123 MP: 21/21
 11869 | D:11     | Reached skill level 5 in Armour
 11982 | D:11     | Reached *** piety under Nemelex Xobeh
 12403 | D:12     | Reached skill level 5 in Invocations
 12444 | D:12     | Noticed a centaur warrior
 12532 | Lair:1   | Entered Level 1 of the Lair of Beasts
 12712 | Lair:1   | Learned a level 3 spell: Summon Ice Beast
 12785 | Lair:1   | Received a gift from Nemelex Xobeh
 13342 | Lair:1   | Reached skill level 1 in Ice Magic
 13386 | Lair:1   | Reached **** piety under Nemelex Xobeh
 13386 | Lair:1   | Received a gift from Nemelex Xobeh
 13890 | Lair:2   | Noticed Sonja
 13892 | Lair:2   | Sonja changed into Sonja the rime drake
 13892 | Lair:2   | Noticed Sonja
 13900 | Lair:2   | Killed Sonja the rime drake
 13933 | Lair:2   | Received a gift from Nemelex Xobeh
 13983 | Lair:2   | You fall into a shaft and drop 1 floor!
 14434 | Lair:3   | Reached XP level 13. HP: 121/132 MP: 23/23
 14578 | Lair:3   | Noticed Snorg
 14583 | Lair:3   | Killed Snorg
 14604 | Lair:3   | Reached skill level 10 in Fighting
 14616 | Lair:3   | Reached skill level 5 in Summonings
 14742 | Lair:3   | Received a gift from Nemelex Xobeh
 15118 | Lair:4   | Identified the +0 ring mail of Bursted Liberty {Stlth+}
 15297 | Lair:4   | Noticed Rupert
 15344 | Lair:4   | Killed Rupert
 15538 | Lair:4   | Reached ***** piety under Nemelex Xobeh
 15807 | Lair:4   | Received a gift from Nemelex Xobeh
 15915 | Lair:5   | Entered Level 5 of the Lair of Beasts
 16544 | Lair:5   | Paralysed by a hornet for 1 turns
 16830 | Lair:5   | Reached skill level 11 in Fighting
 16885 | Lair:5   | Reached skill level 1 in Unarmed Combat
 16903 | Lair:5   | Reached XP level 14. HP: 146/146 MP: 26/26
 16987 | Lair:5   | Found a viscous altar of Jiyva.
 16987 | Lair:5   | Found a staircase to the Slime Pits.
 17284 | Lair:5   | Received a gift from Nemelex Xobeh
 17394 | Lair:5   | Learned a level 3 spell: Ozocubu's Armour
 17398 | Lair:5   | Learned a level 3 spell: Frozen Ramparts
 17401 | Lair:5   | Learned a level 2 spell: Ensorcelled Hibernation
 17405 | Lair:5   | Learned a level 3 spell: Hailstorm
 17598 | Lair:5   | Identified the +10 mace "Poown" {freeze, Dex+3}
 17943 | Lair:5   | Received a gift from Nemelex Xobeh
 18477 | Lair:2   | Found a hole to the Spider Nest.
 18706 | Lair:2   | Found a staircase to the Swamp.
 19362 | D:12     | Received a gift from Nemelex Xobeh
 19695 | D:13     | Reached skill level 5 in Unarmed Combat
 19766 | D:13     | Received a gift from Nemelex Xobeh
 20315 | D:14     | Found a gate to the Vaults.
 20330 | D:14     | HP: 5/148 [red devil/+0 trident[a kobold demonologist]
                  | (11)]
 20333 | D:14     | Reached skill level 1 in Axes
 20341 | D:14     | Reached XP level 15. HP: 46/156 MP: 28/28
 20596 | D:14     | Reached skill level 12 in Fighting
 21204 | D:14     | Identified the +4 lajatang "Neqekkew" {flame, Dex+9}
 21858 | D:15     | Entered Level 15 of the Dungeon
 21948 | D:15     | Received a gift from Nemelex Xobeh
 22167 | D:15     | Received a gift from Nemelex Xobeh
 22266 | D:15     | Found a staircase to the Depths.
 22342 | D:15     | Received a gift from Nemelex Xobeh
 23417 | Swamp:1  | Entered Level 1 of the Swamp
 23466 | Swamp:1  | Reached skill level 10 in Invocations
 23502 | Swamp:1  | Reached skill level 10 in Dodging
 24128 | Swamp:1  | Reached ****** piety under Nemelex Xobeh
 24322 | Swamp:1  | Reached XP level 16. HP: 112/167 MP: 29/29
 25345 | Swamp:2  | Received a gift from Nemelex Xobeh
 25523 | Swamp:2  | Reached skill level 10 in Throwing
 25821 | Swamp:2  | Reached skill level 13 in Fighting
 26972 | Swamp:2  | Identified the +2 helmet of Gyhaytau {rN+ MP+9 Str+2 Dex+6}
 27190 | Swamp:2  | Received a gift from Nemelex Xobeh
 27207 | Swamp:2  | Reached skill level 5 in Axes
 27870 | Swamp:3  | Reached skill level 14 in Fighting
 27870 | Swamp:3  | Reached XP level 17. HP: 180/180 MP: 30/30
 27913 | Swamp:3  | Reached skill level 10 in Spellcasting
 28412 | D:15     | Gained mutation: Your mind is acute. (Int +4, Str/Dex -1)
                  | [potion of mutation]
 28412 | D:15     | Gained mutation: You have hidden genetic potential. [potion
                  | of mutation]
 28412 | D:15     | Gained mutation: You are agile. (Dex +4, Str/Int -1)
                  | [potion of mutation]
 28637 | Swamp:3  | Learned a level 1 spell: Slow
 29008 | Swamp:3  | Got the Elucidation of Differential Silt
 29014 | Swamp:3  | Learned a level 4 spell: Sticky Flame
 29084 | Swamp:4  | Entered Level 4 of the Swamp
 29375 | Swamp:4  | Reached skill level 1 in Hexes
 29990 | Swamp:4  | Received a gift from Nemelex Xobeh
 30390 | Swamp:4  | Noticed Donald
 30755 | Swamp:4  | Killed Donald
 30762 | Swamp:4  | Reached skill level 5 in Shields
 30765 | Swamp:4  | Reached XP level 18. HP: 177/191 MP: 32/32
 31359 | Swamp:4  | Got a decaying rune of Zot
 31638 | Swamp:4  | Identified the +5 morningstar of the World {heavy, Dex+3}
 32068 | Spider:1 | Entered Level 1 of the Spider Nest
 32068 | Spider:1 | Noticed Frances
 32074 | Spider:1 | Killed Frances
 32328 | Spider:1 | Received a gift from Nemelex Xobeh
 32422 | Spider:1 | Noticed Roxanne
 32434 | Spider:1 | Killed Roxanne
 33135 | Spider:1 | Received a gift from Nemelex Xobeh
 33161 | Spider:1 | Noticed Nikola
 33170 | Spider:1 | HP: 4/189 [Nikola/arc of chain lightning (85)]
 33182 | Spider:1 | Killed Nikola
 33545 | Spider:1 | Identified the +6 battleaxe "Beax" {freeze, Dex+2}
 33582 | Spider:1 | Identified the +10 hand axe of Fiytsyloe {freeze, rC+ Str-3
                  | Dex+3 Stlth+}
 34462 | Spider:2 | Reached skill level 15 in Fighting
 34464 | Spider:2 | Gained mutation: You expend magic power (3 MP) to
                  | strengthen your wands. [hidden potential]
 35036 | Spider:2 | Received a gift from Nemelex Xobeh
 35721 | Spider:3 | Received a gift from Nemelex Xobeh
 36747 | Spider:3 | Found a runed translucent door.
 37642 | Spider:3 | Reached XP level 19. HP: 191/201 MP: 33/33
 37684 | Spider:4 | Entered Level 4 of the Spider Nest
 39358 | Spider:4 | Received a gift from Nemelex Xobeh
 39461 | Spider:4 | Identified the +1 scale mail of Calculation {Str+4}
 40090 | Spider:4 | Gained mutation: You passively dampen the noise of your
                  | surroundings. [hidden potential]
 40090 | Spider:4 | Lost mutation: You have hidden genetic potential. [hidden
                  | potential expressed]
 40796 | Spider:4 | Got a gossamer rune of Zot
 40929 | Spider:4 | Found a runed translucent gate.
 40930 | Spider:4 | Found a runed translucent gate.
 40931 | Spider:4 | Found a runed translucent gate.
 40934 | Spider:4 | Noticed Aviun's ghost (adept SpEn)
 41196 | Orc:1    | Entered Level 1 of the Orcish Mines
 41297 | Orc:1    | Received a gift from Nemelex Xobeh
 42108 | Orc:2    | Entered Level 2 of the Orcish Mines
 42122 | Orc:2    | Received a gift from Nemelex Xobeh
 42601 | Orc:2    | Found Qufop's Antique Armour Boutique.
 42933 | Orc:2    | Reached skill level 16 in Fighting
 42939 | Orc:2    | Found a staircase to the Elven Halls.
 43012 | Orc:2    | Found Letsett's Book Shop.
 43075 | Orc:2    | Found Xaxulayl's Assorted Antiques.
 43097 | Orc:2    | Bought a scroll labelled YKKIMY YCEARR for 26 gold pieces
 43097 | Orc:2    | Bought a scroll of fog for 104 gold pieces
 43097 | Orc:2    | Bought a scroll of blinking for 195 gold pieces
 43097 | Orc:2    | Bought a scroll of teleportation for 78 gold pieces
 43097 | Orc:2    | Bought a pitted war axe for 221 gold pieces
 43097 | Orc:2    | Identified the +5 war axe of Mexolih {pain, +Blink rElec
                  | Str+5} (You bought it in a shop on level 2 of the Orcish
                  | Mines)
 43598 | Orc:2    | Received a gift from Nemelex Xobeh
 43850 | Depths:1 | Entered Level 1 of the Depths
 43850 | Depths:1 | Noticed Sojobo
 43860 | Depths:1 | Killed Sojobo
 43861 | Depths:1 | Reached skill level 10 in Shields
 44785 | Depths:1 | Found Senoo's Antique Weapon Shoppe.
 44791 | Depths:1 | Bought a dazzling hand axe for 376 gold pieces
 44791 | Depths:1 | Identified the +2 hand axe of Zeubanu {flame, Dex+3} (You
                  | bought it in a shop on level 1 of the Depths)
 44801 | Depths:1 | Reached XP level 20. HP: 213/213 MP: 34/34
 44806 | Depths:1 | Reached skill level 15 in Maces & Flails
 44934 | Depths:1 | Noticed Norris
 44954 | Depths:1 | Killed Norris
 44955 | Depths:1 | Reached skill level 10 in Armour
 45044 | Depths:1 | Found a transporter.
 45051 | Depths:1 | Found a transporter.
 45071 | Depths:1 | Found a gateway to Hell.
 45233 | Depths:1 | Found a transporter.
 45273 | Depths:1 | Received a gift from Nemelex Xobeh
 45612 | Depths:1 | Found a one-way gate leading to the halls of Pandemonium.
 45702 | Depths:1 | Found a transporter.
 45827 | Depths:2 | HP: 1/198 [stone giant (37)]
 45828 | Depths:2 | Mangled by a stone giant

Illustrated notes

Levels and vault maps discovered:
D:1:      nicolae_arrival_kraken_aquarium_a, layout_basic
D:2:      layout_rooms, uniq_robin
D:3:      layout_basic, hangedman_decor_points
D:4:      layout_basic, kennysheep_little_box, gammafunk_ghost_gnarly_gnolls,
          nicolae_stop_n_shop_2, corexii_leaking_fountain
D:5:      layout_loops_cross, nzn_wu_jian_contemplation,
          nemelex_spade_bored_becter
D:6:      layout_gridville, mainiacjoe_overflow_24_doors,
          gammafunk_temple_overflow_pools
D:7:      layout_gridville, minmay_temple_entry_waves,
          eino_small_chamber_without_monster, serial_library_hellmonk_big_corner
D:8:      layout_loops_cross, minivault_11
D:9:      layout_small_grid, mainiacjoe_overflow_cross_hatched,
          lemuel_round_altar, erik_lair_orcish_takeover, uniq_erolcha
D:10:     layout_cave_pools, zin_statuary,
          kennysheep_orc_monster_closet_entryway, uniq_joseph, uniq_urug
D:11:     layout_long_grid, nrook_guardian_serpent_ordinary
D:12:     layout_rooms
D:13:     layout_rooms, serial_bayou_pond_a
D:14:     minmay_expanding_squares, layout_loops_ring, david_vaults_3,
          serial_park_square1 [serial_park_minivault_5x5_7], nzn_random_ring
D:15:     hangedman_depths_entry_civil_slaughter, layout_gridville, drop_trap,
          chequers_serial_rivers_small_b, chequers_jeans
Lair:1:   layout_gridlike
Lair:2:   layout_misc_corridors, palyth_hydra_swamp_entry,
          spider_nest_entry_webs, uniq_sonja
Lair:3:   layout_cave_pods, cheibrodos_lair_lostbears, uniq_snorg
Lair:4:   layout_loops_ring, uniq_rupert
Lair:5:   hangedman_lair_tendril_chambers, layout_gridlike, wormcave,
          slime_entry_1, minmay_lindwurm_lava
Swamp:1:  layout_falls_marsh, evilmike_swamp_ruin_wall
Swamp:2:  nicolae_swamp_flooded_prison, layout_basic_swamp, serial_swamp_ruin,
          evilmike_swamp_ruin_house_1, evilmike_swamp_ruin_house_2,
          evilmike_swamp_ruin_rubble_1
Swamp:3:  nicolae_swamp_ascending_descending_big, layout_basic_swamp,
          evilmike_swamp_ruin_house_5, swamp_pool_1_2, infiniplex_staircase_pool
Swamp:4:  swamp_alternative, layout_basic_swamp, swamp_pool_1_2, uniq_donald
Spider:1: layout_spider_delve, uniq_asterion, uniq_frances, uniq_roxanne,
          uniq_nikola
Spider:2: layout_spider_delve
Spider:3: cheibrodos_spider_deadly_dance
Spider:4: grunt_spider_rune_island, gammafunk_ghost_tricky_traps
Orc:1:    lemuel_ogre_cave, layout_caves
Orc:2:    st_orc_town, layout_caves
Depths:1: layout_forbidden_donut, serial_shops, nicolae_shop_scrapyard,
          hell_entry, serial_bayou_lagoon_a, grunt_pan_entry_zigzag,
          nicolae_transporter_intersection, uniq_sojobo, uniq_norris
Depths:2: minmay_crystal_thing, layout_basic, chequers_serial_rivers_small_3,
          pan_entry, abyss_entry, hell_entry, kiku_gazebo_garden_becter,
          infiniplex_staircase_diamond

Skill      XL: |  1  2  3  4  5  6  7  8  9 10 11 12 13 14 15 16 17 18 19 20 |
---------------+-------------------------------------------------------------+-----
Dodging        | 3 4 5 6 7 8 9 10 11 12 | 12.1
Fighting       | 3 4 5 6 7 8 9 11 12 14 15 16 | 16.3
Maces & Flails | 4 5 6 8 9 11 12 13 14 15 | 15.0
Spellcasting   | 1 3 4 6 7 8 9 10 | 10.0
Throwing       | 3 4 5 6 7 9 10 11 12 | 12.3
Translocations | 1 2 |  2.8
Evocations     | 1 |  1.4
Armour         | 3 4 5 6 7 8 9 10 | 10.0
Summonings     | 2 3 4 5 |  5.1
Invocations    | 2 4 6 7 8 10 11 13 | 13.1
Shields        | 1 3 5 8 10 | 10.5
Ice Magic      | 2 4 |  4.9
Unarmed Combat | 1 5 7 8 |  8.1
Axes           | 2 4 5 6 7 |  7.1
Hexes          | 1 2 |  2.5
Polearms       | |  0.6

Action                     |  1- 3 |  4- 6 |  7- 9 | 10-12 | 13-15 | 16-18 | 19-21 || total
---------------------------+-------+-------+-------+-------+-------+-------+-------++-------
  Melee: Flail             |    56 |    69 |    45 |       |       |       |       ||   170
         Headbutt          |     6 |    46 |    47 |   239 |   304 |   295 |   319 ||  1256
         Punch             |     1 |     3 |     2 |    16 |    39 |     6 |       ||    67
         Whip              |     6 |   162 |    80 |   837 |   568 |       |       ||  1653
         Spear             |       |       |   161 |    13 |       |       |       ||   174
         Mace              |       |       |       |       |   402 |   426 |       ||   828
         Battleaxe         |       |       |       |       |    34 |    93 |     5 ||   132
         Morningstar       |       |       |       |       |       |   304 |   380 ||   684
         Hand axe          |       |       |       |       |       |   182 |   522 ||   704
  Throw: Throwing net      |       |     1 |     1 |     3 |     1 |       |       ||     6
         Large rock        |       |     1 |       |    44 |   183 |    94 |    87 ||   409
         Dart              |       |       |     1 |     3 |    16 |       |       ||    20
         Boomerang         |       |       |       |     5 |       |       |       ||     5
   Cast: Call Imp          |       |       |       |     1 |     3 |       |       ||     4
         Summon Ice Beast  |       |       |       |       |    11 |     2 |     1 ||    14
         Ozocubu's Armour  |       |       |       |       |    11 |     3 |       ||    14
         Hailstorm         |       |       |       |       |     7 |       |       ||     7
         Frozen Ramparts   |       |       |       |       |    12 |     6 |       ||    18
 Invoke: Draw Destruction  |       |       |       |     8 |    36 |    18 |    14 ||    76
         Draw Summoning    |       |       |       |     3 |     2 |     2 |     2 ||     9
         Draw Escape       |       |       |       |       |     5 |     1 |     5 ||    11
         Triple Draw       |       |       |       |       |     1 |     2 |       ||     3
         Stack Five        |       |       |       |       |       |     1 |       ||     1
         Draw Stack        |       |       |       |       |       |       |     3 ||     3
  Evoke: Wand              |       |     1 |     8 |     5 |       |     4 |    11 ||    29
    Use: Scroll            |       |       |     4 |     9 |    14 |     8 |     1 ||    36
         Potion            |       |       |       |     6 |    11 |    10 |     4 ||    31
   Stab: Sleeping          |     2 |       |     1 |       |     1 |     2 |       ||     6
         Held in net/web   |       |       |       |     1 |     1 |       |       ||     2
         Distracted        |       |       |       |       |     4 |       |     2 ||     6
 Armour: Robe              |    36 |   182 |   173 |       |       |       |       ||   391
         Acid dragon scale |       |       |    21 |   118 |       |       |       ||   139
         Troll leather arm |       |       |       |   383 |   656 |       |       ||  1039
         Swamp dragon scal |       |       |       |       |    23 |   664 |   553 ||  1240
  Dodge: Dodged            |    31 |   156 |   172 |   470 |   640 |   629 |   516 ||  2614
  Block: Other             |       |       |     4 |   148 |   189 |    25 |     4 ||   370
         Reflection        |       |       |       |     8 |    10 |    15 |    17 ||    50
         Kite shield       |       |       |       |       |       |  1013 |  1340 ||  2353
